 Dungeon Crawl Stone Soup version 0.24.0-13-gcf9b319 (webtiles) character file.

Game seed: 8590794347803303927, levelgen mode: deterministic

317 Gingerlord the Shield-Bearer (level 6, -1/39 HPs)
             Began as a Gargoyle Fighter on Apr 12, 2020.
             Slain by an iguana (5 damage)
             ... on level 4 of the Dungeon.
             The game lasted 00:05:10 (2632 turns).

Gingerlord the Shield-Bearer (Gargoyle Fighter)     Turns: 2632, Time: 00:05:11

Health: -1/39      AC: 11    Str: 19    XL:     6   Next: 45%
Magic:  6/6        EV:  7    Int:  9    God:
Gold:   224        SH:  9    Dex: 11    Spells: 5/5 levels left

rFire    + . .     SeeInvis .   a - +0 war axe
rCold    . . .     Gourm    .   c - +0 shield
rNeg     + . .     Faith    .   b - +0 scale mail
rPois    ∞         Spirit   .   (no helmet)
rElec    +         Reflect  .   (no cloak)
rCorr    .         Harm     .   (no gloves)
MR       .....                  (no boots)
Stlth    ..........             (no amulet)
HPRegen  0.13/turn              l - ring of protection from fire
MPRegen  0.10/turn              (no ring)

@: no status effects
A: negative energy resistance 1, electricity resistance, unbreathing,
petrification resistance, rot immunity, AC +4
a: no special abilities


You were on level 4 of the Dungeon.
You were not hungry.

You visited 1 branch of the dungeon, and saw 4 of its levels.

You collected 224 gold pieces.

Inventory:

Hand Weapons
 a - a +0 war axe (weapon)
Armour
 b - a +0 scale mail (worn)
 c - a +0 shield (worn)
Jewellery
 l - a ring of protection from fire (left hand)
Wands
 m - a wand of polymorph (8)
Scrolls
 e - 3 scrolls of teleportation {unknown}
 i - a scroll of remove curse {unknown}
 n - a scroll of fear {unknown}
 p - 2 scrolls of identify {unknown}
 r - 3 scrolls of enchant armour {unknown}
Potions
 d - a potion of might
 g - 2 potions of heal wounds {unknown}
 h - a potion of flight {unknown}
 j - a potion of mutation {unknown}
 k - 2 potions of haste {unknown}
 o - a potion of brilliance {unknown}
Comestibles
 f - 5 rations


   Skills:
 + Level 4.4 Fighting
 + Level 3.5 Axes
 + Level 4.5 Armour
 - Level 0.7 Dodging
 - Level 0.2 Stealth
 + Level 4.7 Shields


You had 5 spell levels left.
You didn't know any spells.
Your spell library was empty.

Dungeon Overview and Level Annotations

Branches:
Dungeon (4/15)
 Temple: D:4-7

Altars:
Dithmenos
Trog
Uskayaw
Yredelemnul


Innate Abilities, Weirdness & Mutations

You are resistant to torment.
Your stone body is resilient. (AC +4)
You are immune to poison.
You resist negative energy. (rN+)
You are resistant to electric shocks. (rElec)
You can survive without breathing.
You are immune to petrification.
You are immune to rotting.


Message History

You hit the iguana but do no damage. The iguana bites you.
* * * LOW HITPOINT WARNING * * *
All of the chunks of flesh in your inventory have rotted away.
You slash the iguana!
The iguana is heavily wounded.
You block the iguana's attack. The iguana bites you.
* * * LOW HITPOINT WARNING * * *
You closely miss the iguana.
The iguana is heavily wounded.
You block the iguana's attack.
You closely miss the iguana.
The iguana is heavily wounded.
The iguana bites you but does no damage.
An ogre comes into view. It is wielding a +0 giant club.
The iguana completely misses you.
The ogre shouts!
You hit the iguana but do no damage.
The iguana is heavily wounded.
You hit the phantom. You block the phantom's attack. The iguana bites you.
You die...

##.## #. #...# O. #...#
#. #..†#
#.###########...###
###.#................
...#.#..............
...###W#.#.##...........
......l@...##.####...###
....#..#.####.# #...# #
#...##.# #.# #...#
.[...# #.. ..# #...#
###.. #### ### ##... ...
..... .## ..###


You could see a phantom, an ogre and an iguana.

Vanquished Creatures
  A howler monkey (D:4)
  2 hounds
  Ijyb (D:3)
  An iguana (D:4)
  2 worker ants
  A gnoll (D:1)
  An adder (D:3)
  3 worms
  2 dart slugs (D:3)
  3 leopard geckos
  5 orcs (D:3)
  12 bats
  6 giant cockroaches
  8 goblins
  7 hobgoblins
  2 jackals (D:1)
  6 kobolds
  4 quokkas
  2 frilled lizards
  8 rats
77 creatures vanquished.

Notes
Turn   | Place    | Note
-------+----------+-------------------------------------------
     0 | D:1      | Gingerlord the Gargoyle Fighter began the quest for the
                  | Orb.
     0 | D:1      | Reached XP level 1. HP: 14/14 MP: 1/1
    80 | D:1      | Reached XP level 2. HP: 9/19 MP: 2/2
   248 | D:1      | Reached XP level 3. HP: 20/23 MP: 3/3
   679 | D:2      | Reached XP level 4. HP: 26/29 MP: 4/4
   681 | D:2      | Found a faded altar of an unknown god.
   681 | D:2      | Found a faded altar of an unknown god.
   686 | D:2      | Found a hide-covered altar of Uskayaw.
   688 | D:2      | Found a basalt altar of Yredelemnul.
   696 | D:2      | Found a bloodstained altar of Trog.
  1360 | D:3      | Noticed Ijyb
  1384 | D:3      | Killed Ijyb
  1384 | D:3      | Reached XP level 5. HP: 9/33 MP: 5/5
  1696 | D:3      | Found a shadowy altar of Dithmenos.
  2584 | D:4      | Reached XP level 6. HP: 20/38 MP: 6/6
  2585 | D:4      | Noticed a phantom
  2632 | D:4      | Slain by an iguana

Levels and vault maps discovered:
D:1:      scummos_arrival_checkerplants, layout_basic
D:2:      layout_basic, chequers_temple_overflow_minitemple, first_ration
D:3:      cheibrodos_pilgrimage, layout_loops_ring, lemuel_crystal_altar,
          uniq_ijyb
D:4:      layout_loops_cross, nicolae_ossuary_entry_ruins, serial_shops, shop,
          minmay_misc_feat_rows

Skill      XL: |  1  2  3  4  5 |
---------------+----------------+-----
Axes           | 2 3 |  3.5
Shields        | 4 |  4.7
Armour         | 4 |  4.5
Fighting       | 4 |  4.4
Dodging        | |  0.7
Stealth        | |  0.2

Action                   |  1- 3 |  4- 6 || total
-------------------------+-------+-------++-------
Melee: War axe           |   136 |   198 ||   334
  Use: Potion            |       |     1 ||     1
  Eat: Chunk             |       |     6 ||     6
Armor: Scale mail        |    99 |   135 ||   234
Dodge: Dodged            |    46 |    69 ||   115
Block: Shield            |    91 |   110 ||   201
